 Dungeon Crawl Stone Soup version 0.15.0-8-gb109cf8 (webtiles) character file.

100 Crauler the Ruffian (level 4, -4/36 HPs)
             Began as a Draconian Transmuter on Aug 30, 2014.
             Killed by divine providence
             ... invoked by an orc priest
              (13 damage)
             ... on Level 3 of the Dungeon.
             The game lasted 00:09:00 (2371 turns).

Crauler the Ruffian (Draconian Transmuter)          Turns: 2371, Time: 00:09:01

HP  -4/36        AC  2     Str 12      XL: 4   Next: 47%
MP   5/8         EV 19     Int 15      God:
Gold 57          SH  0     Dex 16      Spells:  2 memorised,  3 levels left

rFire  . . .     SeeInvis .     e - melded +2 whip (flame)
rCold  . . .     Clarity  .     (armour unavailable)
rNeg   . . .     rCorr    .     (shield currently unavailable)
rPois  x         rRot     .     (helmet currently unavailable)
rElec  .         Spirit   .     (cloak currently unavailable)
SustAb .         Warding  .     (gloves currently unavailable)
rMut   .         Stasis   .     (boots currently unavailable)
Gourm  .                        (no amulet)
MR     .....                    (no ring)
                                (no ring)

@: spider-form, not resistant to hostile enchantments, very unstealthy
A: unfitting armour, (cold-blooded), AC +5
a: End Transformation


You were on level 3 of the Dungeon.
You were hungry.
You were in spider-form.
You visited 1 branch of the dungeon, and saw 3 of its levels.

You collected 57 gold pieces.

Inventory:

Hand weapons
 e - a +2 whip of flaming (melded)
 i - a +0 spear
Magical devices
 n - a wand of polymorph (13)
Comestibles
 a - 5 bread rations
 f - a slice of pizza
 j - 2 meat rations
 p - a fruit
Scrolls
 b - 7 scrolls of identify {unknown}
 c - a scroll of amnesia {unknown}
 h - 4 scrolls of remove curse {unknown}
 k - a scroll of noise {unknown}
 l - a scroll of teleportation {unknown}
Potions
 m - a potion of mutation {unknown}
Books
 d - a book of Changes

   Spells                             Type                      Level
   *Beastly Appendage                 Transmutation                1
   Sticks to Snakes                   Transmutation                2
   *Spider Form                       Transmutation/Poison         3
   Ice Form                           Ice/Transmutation            4
   Blade Hands                        Transmutation                5


   Skills:
 + Level 1.9 Fighting
 + Level 2.1 Dodging
 * Level 3.6 Unarmed Combat
 + Level 2.3 Spellcasting
 * Level 3.4 Transmutations


You had 3 spell levels left.
You knew the following spells:

 Your Spells              Type           Power        Failure   Level  Hunger
a - Beastly Appendage     Trmt           ##....       17%         1    #......
b - Spider Form           Trmt/Pois      #.........   56%         3    ####...


Dungeon Overview and Level Annotations

Branches:
Dungeon (3/15)

Altars:
Cheibriados
Zin


Innate Abilities, Weirdness & Mutations

((Your plain brown scales are hard (AC +5).))
Your body does not fit into most forms of armour.
((Your cold-blooded metabolism reacts poorly to cold.))


Message History

There is a stone staircase leading up here.
The orc priest invokes the aid of Beogh against you.
Something smites you!
Casting: Spider Form
Confirm with . or Enter, or press ? or * to list all spells.
You turn into a venomous arachnid creature.
Your +2 whip of flaming melds into your body.
Your +2 whip of flaming stops flaming.
The orc priest invokes the aid of Beogh against you.
Something smites you!
* * * LOW HITPOINT WARNING * * *
You hit the orc priest.
The orc priest is poisoned.
The orc priest is lightly wounded.
The orc priest completely misses you.
You hit the orc priest but do no damage.
The orc priest looks even sicker.
The orc priest is lightly wounded.
The orc priest calls down the wrath of Beogh upon you.
Something smites you!
You die...

#####..######################
)..((.()....................#
#####(####################.## ..#
#.# #.# ..###.# #.# ...##.# #.#
.#....# #####.######
####..################..........#
....$..........os..<............#
#####.################..........#
# #....b..# #.....#.######
#.#####.# ...#####.#
.....o.b..(... ... #.#
#####o#####.. .. #.# #.# . #.#
... #.# #..


You could see an orc priest.

Vanquished Creatures
  Jessica (D:3)
  3 adders (D:2)
  A worm (D:2)
  An ooze (D:2)
  4 orcs (D:2)
  6 bats
  2 giant cockroaches (D:2)
  3 goblins
  5 hobgoblins
  9 kobolds
  2 quokkas (D:2)
  A ball python (D:1)
  A giant gecko (D:1)
  5 giant newts
  4 rats
48 creatures vanquished.

Notes
Turn   | Place    | Note
--------------------------------------------------------------
     0 | D:1      | Crauler, the Draconian Transmuter, began the quest for the Orb.
     0 | D:1      | Reached XP level 1. HP: 16/16 MP: 3/3
   349 | D:1      | Reached XP level 2. HP: 23/23 MP: 4/4
   968 | D:2      | Found a glowing silver altar of Zin.
  1032 | D:2      | Reached XP level 3. HP: 28/28 MP: 4/6
  1053 | D:2      | Learned a level 3 spell: Spider Form
  1580 | D:2      | Found a snail-covered altar of Cheibriados.
  1840 | D:3      | Noticed Jessica
  1847 | D:3      | Reached XP level 4. HP: 36/36 MP: 0/7
  1852 | D:3      | Killed Jessica
  2371 | D:3      | Killed from afar by an orc priest

Action                   |  1- 3 |  4- 6 || total
-------------------------+-------+-------++-------
Melee: Unarmed           |    33 |    18 ||    51
       Spear             |   109 |    18 ||   127
       Whip              |       |    14 ||    14
 Cast: Beastly Appendage |     1 |       ||     1
       Spider Form       |     2 |     1 ||     3
 Abil: End Transformatio |     1 |       ||     1
  Use: Potion            |     7 |     2 ||     9
 Stab: Sleeping          |     1 |       ||     1
  Eat: Chunk             |     3 |     2 ||     5
